 Dungeon Crawl Stone Soup version 0.23.2-40-g277498a (webtiles) character file.

Game seed: 6803857285766284906

1659 EternalSandwich the Ruffian (level 8, -1/79 HPs)
             Began as a Troll Monk on Sept 19, 2019.
             Was a Believer of Okawaru.
             Slain by a manticore (9 damage)
             ... on level 6 of the Dungeon.
             The game lasted 00:15:07 (4080 turns).

EternalSandwich the Ruffian (Troll Monk)            Turns: 4080, Time: 00:15:13

Health: -1/79      AC:  7    Str: 21    XL:     8   Next: 68%
Magic:  7/7        EV: 13    Int: 10    God:    Okawaru [**....]
Gold:   207        SH:  6    Dex: 17    Spells: 7/7 levels left

rFire    + . .     SeeInvis .   y - +6 falchion of Capital Punishment {speed, Int+4 Dex+4}
rCold    x . .     Gourm    +   (no shield)
rNeg     . . .     Faith    .   a - +0 robe
rPois    .         Spirit   .   (helmet restricted)
rElec    .         Reflect  +   q - +0 cloak
rCorr    .         Harm     .   (gloves unavailable)
MR       .....                  (boots unavailable)
Stlth    ++........             v - +6 amulet of reflection
HPRegen  0.63/turn              c - ring of fire
MPRegen  0.10/turn              p - ring of flight

@: barbed spikes
A: large, unfitting armour, claws 3, fast metabolism 3, gourmand, regeneration
1, shaggy fur 1, tough skin 3
a: Heroism, Renounce Religion, Evoke Flight


You were on level 6 of the Dungeon.
You worshipped Okawaru.
Okawaru was pleased with you.
You were very full.

You visited 2 branches of the dungeon, and saw 7 of its levels.

You collected 207 gold pieces.

Inventory:

Hand Weapons
 y - the +6 falchion of Capital Punishment (weapon) {speed, Int+4 Dex+4}
   (You found it on level 6 of the Dungeon)

   Attacks with this weapon are significantly faster.
   It affects your intelligence (+4).
   It affects your dexterity (+4).
Armour
 a - a +0 robe (worn)
 q - a +0 cloak (worn)
Jewellery
 c - a ring of fire (left claw)
 p - a ring of flight (right claw)
 v - a +6 amulet of reflection (around neck)
Wands
 r - a wand of acid (13)
 s - a wand of iceblast (6)
 t - a wand of random effects (17)
Scrolls
 d - 5 scrolls of teleportation {unknown}
 e - a scroll of immolation {unknown}
 g - a scroll of enchant armour {unknown}
 j - 4 scrolls of remove curse {unknown}
 l - a scroll of amnesia {unknown}
 n - a scroll of fear {unknown}
 u - a scroll of magic mapping {unknown}
 w - a scroll of enchant weapon {unknown}
 B - a scroll of identify {unknown}
Potions
 f - 2 potions of ambrosia {unknown}
 h - 2 potions of flight {unknown}
 i - a potion of haste {unknown}
 k - a potion of lignification {unknown}
 m - a potion of resistance {unknown}
 o - a potion of might {unknown}
 x - a potion of agility {unknown}
 z - a potion of curing
Comestibles
 b - 14 rations
 A - a chunk of flesh


   Skills:
 - Level 4.9 Fighting
 * Level 3.0 Long Blades
 - Level 4.9 Dodging
 - Level 1.0 Stealth
 - Level 7.9 Unarmed Combat


You had 7 spell levels left.
You didn't know any spells.
Your spell library was empty.

Dungeon Overview and Level Annotations

Branches:
Dungeon (6/15)             Temple (1/1) D:5

Altars:
Ashenzari
Dithmenos
Elyvilon
Fedhas
Gozag
Hepliaklqana
Kikubaaqudgha
Makhleb
Nemelex Xobeh
Okawaru
Qazlal
Ru
Sif Muna
Trog
Uskayaw
Vehumet
Wu Jian
Xom
Yredelemnul
Zin
The Shining One

Shops:
D:4 }

Annotations:
D:6 5 runed translucent doors


Innate Abilities, Weirdness & Mutations

You are too large for most types of armour.
You have claws for hands.
Your metabolism is lightning-fast.
You like to eat raw meat.
Your natural rate of healing is unusually fast.
You are covered in fur. (AC +1)
You have extremely tough skin. (AC +3)


Message History

The manticore is lightly wounded.
The manticore bites you!!
* * * LOW HITPOINT WARNING * * *
The manticore closely misses you. The manticore barely misses you.
You hear a bellow!
Aiming: Iceblast
Press: ? - help, Shift-Dir - straight line, f - manticore
Aim: a manticore (lightly wounded)
Okay, then.
Aiming: Corrosive Bolt
Press: ? - help, Shift-Dir - straight line, f - manticore
Aim: a manticore (lightly wounded)
The bolt of acid hits the manticore!
The manticore is splashed with acid.
The acid corrodes the manticore!
The manticore is moderately wounded.
A yak comes into view.
You block the manticore's attack. The manticore claws you.
* * * LOW HITPOINT WARNING * * *
The manticore claws you!
You die...

#..#.....#
#.#.#..##.....
#.#.....#.a.a.
#.#####.##aaaa #.#
#..##### #.#
##...... ## ###.#
####...
#H##.#.############
#@................
#.##..#############
..# #..# ##Y #..# "
#### ##


You could see a manticore and a yak.

Vanquished Creatures
  Pikel (D:4)
  Grinder (D:4)
  Prince Ribbit (D:5)
  2 centaurs (D:6)
  A bullfrog (D:6)
  2 scorpions (D:5)
  A howler monkey (D:5)
  A bullfrog zombie (D:6)
  3 hounds
  A jelly (D:6)
  3 orc priests
  2 orc wizards
  3 iguanas
  4 worker ants
  A hound skeleton (D:6)
  6 adders
  A shadow imp (D:5)
  An ooze (D:5)
  An adder skeleton (D:4)
  A worm (D:4)
  2 dart slugs (D:2)
  5 leopard geckos
  7 orcs
  10 bats
  6 goblins
  4 hobgoblins
  A quokka (D:5)
  3 ball pythons
  2 frilled lizards (D:2)
  8 kobolds
  A leopard gecko skeleton (D:4)
  2 quokka zombies
  4 rats
92 creatures vanquished.

Vanquished Creatures (others)
  2 slaves (D:4)
2 creatures vanquished.

Grand Total: 94 creatures vanquished

Notes
Turn   | Place    | Note
-------+----------+-------------------------------------------
     0 | D:1      | EternalSandwich the Troll Monk began the quest for the Orb.
     0 | D:1      | Reached XP level 1. HP: 22/22 MP: 0/0
   132 | D:1      | Reached XP level 2. HP: 29/29 MP: 1/1
   717 | D:2      | Reached XP level 3. HP: 36/36 MP: 2/2
   851 | D:2      | Found a sparkling altar of Nemelex Xobeh.
   948 | D:2      | Reached skill level 4 in Unarmed Combat
   967 | D:2      | Reached XP level 4. HP: 42/44 MP: 3/3
  1149 | D:2      | Found a basalt altar of Yredelemnul.
  1192 | D:2      | Found a blossoming altar of Fedhas.
  1225 | D:2      | Found a shadowy altar of Dithmenos.
  1269 | D:3      | Reached XP level 5. HP: 53/53 MP: 4/4
  1477 | D:3      | Found a deep blue altar of Sif Muna.
  1583 | D:3      | Found a radiant altar of Vehumet.
  2130 | D:4      | Found Olaguv's Gadget Emporium.
  2166 | D:4      | Reached skill level 5 in Unarmed Combat
  2225 | D:4      | Noticed Pikel
  2225 | D:4      | Noticed a slave
  2225 | D:4      | Noticed a slave
  2225 | D:4      | Noticed a slave
  2225 | D:4      | Noticed a slave
  2251 | D:4      | Killed Pikel
  2251 | D:4      | Reached skill level 6 in Unarmed Combat
  2251 | D:4      | Reached XP level 6. HP: 37/62 MP: 5/5
  2251 | D:4      | Reached XP level 7. HP: 41/70 MP: 6/6
  2396 | D:4      | Noticed Grinder
  2399 | D:4      | Paralysed by Grinder for 7 turns
  2413 | D:4      | Killed Grinder
  2749 | D:5      | Entered Level 5 of the Dungeon
  2759 | D:5      | Noticed Prince Ribbit
  2770 | D:5      | HP: 3/70 [Prince Ribbit (9)]
  2771 | D:5      | Killed Prince Ribbit
  2771 | D:5      | Reached skill level 7 in Unarmed Combat
  2887 | D:5      | Reached XP level 8. HP: 76/79 MP: 7/7
  2932 | D:5      | Found a staircase to the Ecumenical Temple.
  2959 | Temple   | Entered the Ecumenical Temple
  3034 | Temple   | Became a worshipper of Warmaster Okawaru
  3034 | Temple   | Reached * piety under Okawaru
  3034 | Temple   | Reached ** piety under Okawaru
  3088 | D:5      | Found a sacrificial altar of Ru.
  3455 | D:6      | Got a brightly glowing falchion
  3456 | D:6      | Identified the +6 falchion of Capital Punishment {speed,
                  | Int+4 Dex+4} (You found it on level 6 of the Dungeon)
  3576 | D:6      | Found a runed translucent gate.
  3577 | D:6      | Found a runed translucent gate.
  3579 | D:6      | Found a runed translucent door.
  3585 | D:6      | Found a runed translucent door.
  3587 | D:6      | Found the +9 staff of Olgreb {rPois}
  3603 | D:6      | Reached skill level 1 in Long Blades
  4026 | D:6      | Found a runed translucent gate.
  4069 | D:6      | Noticed a manticore
  4080 | D:6      | Slain by a manticore

Skill      XL: |  1  2  3  4  5  6  7  8 |
---------------+-------------------------+-----
Unarmed Combat | 4 6 7 |  7.9
Dodging        | 3 4 |  4.9
Fighting       | 3 4 |  4.9
Long Blades    | 3 |  3.0
Stealth        | |  1.0

Action                   |  1- 3 |  4- 6 |  7- 9 || total
-------------------------+-------+-------+-------++-------
Melee: Unarmed           |    84 |    72 |    76 ||   232
       Punch             |       |     2 |     3 ||     5
       Falchion          |       |       |    44 ||    44
Evoke: Wand              |       |       |     1 ||     1
 Stab: Sleeping          |     3 |       |       ||     3
  Eat: Chunk             |     8 |    12 |    18 ||    38
       Ration            |     1 |       |       ||     1
Armor: Robe              |    41 |    18 |    20 ||    79
Dodge: Dodged            |    60 |    35 |    70 ||   165
Block: Other             |       |       |    27 ||    27
       Reflection        |       |       |     2 ||     2
       Rpst.: Falchion   |       |       |     3 ||     3
